 Dungeon Crawl Stone Soup version 0.27.1 (webtiles) character file.

Game seed: 10875785215185019214

57 Qrupt the Poker (level 4, -4/35 HPs)
             Began as a Human Wanderer on Aug 31, 2021.
             Slain by Crazy Yiuf (7 damage)
             ... on level 2 of the Dungeon.
             The game lasted 00:03:03 (2083 turns).

Qrupt the Poker (Human Wanderer)                    Turns: 2083, Time: 00:03:04

Health: -4/35      AC:  2    Str: 14    XL:     4   Next: 18%
Magic:  4/4        EV: 11    Int: 11    God:
Gold:   117        SH:  0    Dex: 13    Spells: 2/3 levels left

rFire    . . .     SeeInvis .   a - +2 spear
rCold    . . .     Faith    .   (no shield)
rNeg     . . .     Spirit   .   d - +0 robe
rPois    .         Reflect  .   (no helmet)
rElec    .         Harm     .   (no cloak)
rCorr    .         Rampage  .   (no gloves)
Will     .....                  (no boots)
Stlth    ++........             (no amulet)
HPRegen  0.11/turn              (no ring)
MPRegen  0.09/turn              (no ring)

@: lethally poisoned (-4 -> -8), very slightly contaminated
A: no striking features
a: no special abilities


You were on level 2 of the Dungeon.
You visited 1 branch of the dungeon, and saw 2 of its levels.

You collected 117 gold pieces.

Inventory:

Hand Weapons
 a - a +2 spear (weapon)
 c - a +0 quarterstaff
 e - a +0 dagger
Armour
 d - a +0 robe (worn)
Scrolls
 b - 2 scrolls of teleportation
 f - a scroll of enchant weapon {unknown}
 g - a scroll of blinking {unknown}
 j - 3 scrolls of amnesia {unknown}
Potions
 h - 2 potions of curing {unknown}
 i - 3 potions of magic
 l - a potion of brilliance {unknown}


   Skills:
 + Level 3.2 Fighting
 + Level 3.2(3.5) Polearms
 - Level 2.0(2.9) Staves
 - Level 3.0 Stealth
 - Level 1.0 Evocations


You had 2 spell levels left.
You knew the following spells:

 Your Spells              Type           Power      Damage    Failure   Level
a - Corona                Hex            0%         N/A       34%         1

Your spell library contained the following spells:

 Spells                   Type           Power      Damage    Failure   Level
 Animate Skeleton         Necr           0%         N/A       34%         1
 Apportation              Tloc           0%         N/A       34%         1
 Summon Small Mammal      Summ           0%         N/A       34%         1


Dungeon Overview and Level Annotations

Branches:
Dungeon (2/15)

Altars:

Annotations:
D:2 Crazy Yiuf


Message History

You see here a +0 club.
There is a stone staircase leading down here.
Crazy Yiuf shouts!
Crazy Yiuf whimpers, "Fluff!"
Could not explore, unopened runed door.
Could not explore, unopened runed door.
Could not explore, unopened runed door.
Could not explore, unopened runed door.
You open the door.
Crazy Yiuf yells, "Lugonu fast pizzabubble!"
Casting: Corona (safe; 34% risk of failure)
Confirm with . or Enter, or press ? or * to list all spells.
Aiming: Corona (safe; 34% risk of failure)
Press: ? - help, Shift-Dir - straight line, f - Crazy Yiuf
Aim: Crazy Yiuf, wielding a +3 quarterstaff of chaos and wearing a +0 cloak (chance to affect: 41%) Crazy Yiuf resists with significant effort.
Crazy Yiuf hits you with a +3 quarterstaff of chaos!
You are poisoned.
Casting: Corona (safe; 34% risk of failure)
Confirm with . or Enter, or press ? or * to list all spells.
Aiming: Corona (safe; 34% risk of failure)
Press: ? - help, Shift-Dir - straight line, f/p - Crazy Yiuf
Aim: Crazy Yiuf, wielding a +3 quarterstaff of chaos and wearing a +0 cloak (chance to affect: 41%)
You miscast Corona.
You are very lightly contaminated with residual magic.
Nothing appears to happen.
You feel sick.
Crazy Yiuf laughs, "Lay!
Spliff unthinkable foot."
Crazy Yiuf hits you with a +3 quarterstaff of chaos!
* * * LOW HITPOINT WARNING * * *
Crazy Yiuf freezes you.
* * * LOW HITPOINT WARNING * * *
You feel much better.
You feel sick.
Crazy Yiuf glowers.
Crazy Yiuf hits you with a +3 quarterstaff of chaos!
* * * LOW HITPOINT WARNING * * *
It was a potion of magic.
Magic courses through your body.
* * * LOW HITPOINT WARNING * * *
You feel sick.
Crazy Yiuf hits you with a +3 quarterstaff of chaos!
You die...

#.###.##.#.#.##...##.#
#.#
#.##..##.........#######
#.#
#.##.#.#................
#.#
################.####.##
#.# ######.## #.#
♣♣♣♣♣###....... #.# ###
♣♣♣.♣....#.###### #.#
#...#♣..♣.......# #.#
#...g@♣♣♣♣......# #.###
#)..#♣♣ ♣♣....## #...#
### ♣♣#### #####
######## ###
#..##..####.#
#...........#
#####.###..######


You could see Crazy Yiuf.

Vanquished Creatures
  An adder (D:2)
  A dart slug (D:2)
  4 ball pythons
  4 endoplasms
  6 giant cockroaches
  A goblin (D:2)
  5 hobgoblins
  3 jackals (D:1)
  3 quokkas
  2 frilled lizards (D:1)
  3 kobolds (D:1)
  8 rats
41 creatures vanquished.

Notes
Turn   | Place    | Note
-------+----------+-------------------------------------------
     0 | D:1      | Qrupt the Human Wanderer began the quest for the Orb.
     0 | D:1      | Qrupt set off with the following items: a +2 spear, a
                  | scroll of teleportation, a +0 quarterstaff, a +0 robe, a +0
                  | dagger
     0 | D:1      | Reached XP level 1. HP: 16/16 MP: 1/1
   398 | D:1      | Reached XP level 2. HP: 23/23 MP: 2/2
   574 | D:1      | Found a faded altar of an unknown god.
   827 | D:1      | Reached XP level 3. HP: 28/28 MP: 3/3
  1181 | D:2      | Learned a level 1 spell: Corona
  1560 | D:2      | Reached XP level 4. HP: 27/35 MP: 2/4
  1741 | D:2      | Found a runed translucent door.
  1742 | D:2      | Noticed Crazy Yiuf
  2081 | D:2      | HP: 1/35 [Crazy Yiuf (4)]
  2083 | D:2      | Slain by Crazy Yiuf

Illustrated notes

Levels and vault maps discovered:
D:1:      saegor_arrival_simple_a, layout_rooms, basic_ecumenical_altar
D:2:      layout_loops_ring, uniq_crazy_yiuf_cottage

Skill      XL: |  1  2  3 |
---------------+----------+-----
Polearms       | 3 |  3.2
Fighting       | 3 |  3.2
Staves         | |  2.0
Stealth        | |  3.0
Evocations     | |  1.0

Action                   |  1- 3 |  4- 6 || total
-------------------------+-------+-------++-------
Melee: Spear             |   112 |     5 ||   117
 Cast: Corona            |     8 |     1 ||     9
  Use: Potion            |       |     2 ||     2
 Stab: Sleeping          |     3 |     1 ||     4
       Distracted        |     1 |       ||     1
Armor: Robe              |    13 |       ||    13
Dodge: Dodged            |    45 |       ||    45
